 Dungeon Crawl Stone Soup version 0.22.0 (webtiles) character file.

194 Blackhawk the Skirmisher (level 5, -3/47 HPs)
             Began as a Minotaur Fighter on Oct 25, 2018.
             Killed by divine providence
             ... invoked by an orc priest
              (14 damage)
             ... on level 3 of the Dungeon.
             The game lasted 00:03:04 (2137 turns).

Blackhawk the Skirmisher (Minotaur Fighter)         Turns: 2137, Time: 00:03:05

Health: -3/47      AC:  8    Str: 22    XL:     5   Next: 44%
Magic:  4/4        EV:  7    Int:  5    God:
Gold:   232        SH:  9    Dex:  9    Spells: 4/4 levels left

rFire    . . .     SeeInvis .   a - +0 flail
rCold    . . .     Gourm    .   c - +0 shield
rNeg     . . .     Faith    .   b - +0 scale mail
rPois    .         Spirit   .   (helmet restricted)
rElec    .         Reflect  .   l - +0 cloak (curse)
rCorr    .         Harm     .   (no gloves)
MR       .....                  (no boots)
Stlth    ..........             (no amulet)
HPRegen  0.15/turn              (no ring)
MPRegen  0.09/turn              (no ring)

@: no status effects
A: retaliatory headbutt, horns 2
a: no special abilities


You were on level 3 of the Dungeon.
You were not hungry.

You visited 1 branch of the dungeon, and saw 3 of its levels.

You collected 232 gold pieces.

Inventory:

Hand Weapons
 a - a +0 flail (weapon)
Armour
 b - a +0 scale mail (worn)
 c - a +0 shield (worn)
 l - a cursed +0 cloak (worn)
Jewellery
 h - a +1 ring of protection {unknown}
Scrolls
 e - 2 scrolls of identify {unknown}
 g - a scroll of blinking {unknown}
 i - a scroll of random uselessness {unknown}
 j - 5 scrolls of remove curse {unknown}
 k - a scroll of noise {unknown}
 m - a scroll of teleportation {unknown}
 n - 2 scrolls of enchant armour {unknown}
 p - 2 scrolls of magic mapping {unknown}
Potions
 d - 2 potions of might
 o - a potion of invisibility {unknown}
 q - a potion of lignification {unknown}
Comestibles
 f - 4 rations
 r - 8 chunks of flesh


   Skills:
 + Level 4.9 Fighting
 + Level 4.0 Maces & Flails
 + Level 4.9 Armour
 + Level 4.8 Shields


You had 4 spell levels left.
You didn't know any spells.
Your spell library contained the following spells:

 Spells                   Type           Power        Failure   Level  Hunger
 Spider Form              Tmut/Pois      #.........   100%        3    ####...
 Blade Hands              Tmut           #.........   100%        5    ######.
 Ice Form                 Ice/Tmut       #.......     100%        4    #####..
 Sticks to Snakes         Tmut           #.......     100%        2    ###....
 Beastly Appendage        Tmut           #.....       99%         1    ##.....


Dungeon Overview and Level Annotations

Branches:
Dungeon (3/15)

Altars:


Innate Abilities, Weirdness & Mutations

You reflexively headbutt those who attack you in melee.
You have a pair of horns on your head.


Message History

You barely miss the orc wizard.
The orc shouts!
You headbutt the orc wizard.
The orc wizard is severely wounded.
You block the orc's attack.
The orc wizard hits you but does no damage.
The orc hits you but does no damage. You block the orc wizard's attack.
Your shield and scale mail prevent you from hitting the orc wizard.
The orc wizard is severely wounded.
The orc drinks a potion.
The orc seems to speed up.
The orc wizard points at you and mumbles some strange words.
The puff of flame hits you!
* * * LOW HITPOINT WARNING * * *
The orc hits you from afar with a trident.
* * * LOW HITPOINT WARNING * * *
An orc priest comes into view.
The orc wizard miscasts a cantrip.
The orc priest calls down the wrath of Beogh upon you.
Beogh smites you!
You die...

#.......# #.#.
#..###### #...
#.######..#### ###.
#......<.....# #.
########.#.#.# #. ..
#o#.# # ########. #o
#.#.# #........ #.
#.#.# #.####... #.
#@#.# #.# #.##
#.###.# #.# #.#
#.#...# #.# #.#
#.###oo.#.# #.# #.#
#.....))..# #.# #.#
########.##.#.####.#
#.#
#.##........####.##
#รท####.............
##.## ###########.##


You could see an orc priest.

Vanquished Creatures
  Jessica (D:2)
  7 gnolls (D:3)
  2 adders (D:2)
  2 worms
  3 dart slugs
  A leopard gecko (D:1)
  4 orcs (D:3)
  2 ball pythons
  3 giant cockroaches
  5 hobgoblins
  4 jackals
  7 kobolds
  9 bats
  6 frilled lizards
  8 goblins
  9 rats
73 creatures vanquished.

Notes
Turn   | Place    | Note
-------+----------+-------------------------------------------
     0 | D:1      | Blackhawk the Minotaur Fighter began the quest for the Orb.
     0 | D:1      | Reached XP level 1. HP: 19/19 MP: 0/0
   122 | D:1      | Reached XP level 2. HP: 8/27 MP: 1/1
   583 | D:1      | Reached XP level 3. HP: 33/33 MP: 2/2
   978 | D:2      | Noticed Jessica
   989 | D:2      | Killed Jessica
   989 | D:2      | Reached XP level 4. HP: 39/41 MP: 3/3
  2012 | D:3      | Reached XP level 5. HP: 46/47 MP: 4/4
  2137 | D:3      | Killed from afar by an orc priest

Skill      XL: |  1  2  3  4  5 |
---------------+----------------+-----
Armour         | 4 |  4.9
Shields        | 4 |  4.8
Fighting       | 4 |  4.9
Maces & Flails | 3 4 |  4.0

Action                   |  1- 3 |  4- 6 || total
-------------------------+-------+-------++-------
Melee: Flail             |    91 |   111 ||   202
       Headbutt          |    13 |    13 ||    26
  Eat: Chunk             |       |     4 ||     4
Armor: Scale mail        |    44 |    68 ||   112
Dodge: Dodged            |    40 |    33 ||    73
Block: Shield            |    49 |    65 ||   114
